 Dungeon Crawl Stone Soup version 0.19.0-19-g8c6edcc (webtiles) character file.

743982 nikopol the Impregnable (level 27, -3/153 HPs)
             Began as a Gargoyle Berserker on Nov 12, 2016.
             Was the Champion of Trog.
             Killed from afar by an orb of fire (33 damage)
             ... with a bolt of fire
             ... on level 5 of the Realm of Zot on Nov 13, 2016.
             The game lasted 06:05:13 (77275 turns).

nikopol the Impregnable (Gargoyle Berserker)       Turns: 77275, Time: 06:05:14

Health: -3/153     AC: 60    Str: 27    XL:     27
Magic:  20/20      EV: 19    Int: 15    God:    Trog [******]
Gold:   9018       SH: 29    Dex: 19    Spells: 0 memorised, 26 levels left

rFire  + + .     SeeInvis +     a - +9 broad axe (chop)
rCold  + + .     Gourm    .     V - +5 gold dragon scales
rNeg   + + .     Faith    .     G - +10 shield of the Beginning {rElec Str+2 Int+8}
rPois  ∞         Spirit   .     U - +0 mask of the Dragon {MR+ Slay+3 SInv}
rElec  +         Reflect  .     q - +1 cloak {MR+}
rCorr  .         Harm     .     H - +4 pair of gloves of Buoxedd {rF+ rC+}
MR     +++++     Rnd*Rage +     p - +2 pair of boots {run}
Stlth  .......... Rnd*Tele +    I - amulet of Imeafa {*Contam rElec Regen+ Int+2 Dex+6}
                                b - ring of protection from magic
                                S - ring of positive energy

@: flying, quick
A: big wings, thin metallic scales 1, berserk 2, blurry vision 1, clumsy 1,
deformed body, deterioration 2, dopey 2, frail 2, low mp 1, negative energy
resistance 1, screaming 2, electricity resistance, teleportitis 2, weak 1, wild
magic 1, unbreathing, petrification resistance, no device heal 1, rot immunity,
AC +20
a: Stop Flying, Berserk, Trog's Hand, Brothers in Arms, Burn Spellbooks,
Renounce Religion
}: 4/15 runes: barnacled, slimy, silver, gossamer


You were on level 5 of the Realm of Zot.
You worshipped Trog.
Trog was exalted by your worship.
You were not hungry.

You visited 12 branches of the dungeon, and saw 58 of its levels.
You also visited: Trove, Sewer and Ice Cave.

You collected 9354 gold pieces.
You spent 336 gold pieces at shops.

Inventory:

Hand Weapons
 a - a +9 broad axe of chopping (weapon)
 z - a +9 antimagic broad axe
Armour
 p - a +2 pair of boots of running (worn)
 q - a +1 cloak of magic resistance (worn)
 G - the +10 shield of the Beginning (worn) {rElec Str+2 Int+8}
   (You found it on level 1 of the Depths)

   It affects your strength (+2).
   It affects your intelligence (+8).
   It insulates you from electricity.
 H - the +4 pair of gloves of Buoxedd (worn) {rF+ rC+}
   (You found it on level 3 of the Elven Halls)

   It protects you from fire.
   It protects you from cold.
 U - the +0 mask of the Dragon (worn) {MR+ Slay+3 SInv}
   (You found it on level 6 of the Lair of Beasts)

   It affects your accuracy and damage with ranged weapons and melee attacks
   (+3).
   It affects your resistance to hostile enchantments.
   It lets you see invisible.
 V - +5 gold dragon scales (worn)
Jewellery
 b - a ring of protection from magic (right hand)
 I - the amulet of Imeafa (around neck) {*Contam rElec Regen+ Int+2 Dex+6}
   (You found it on level 15 of the Dungeon)

   [amulet of regeneration]

   It affects your intelligence (+2).
   It affects your dexterity (+6).
   It insulates you from electricity.
   It causes magical contamination when unequipped.
   It increases your rate of regeneration.
 K - an uncursed ring of protection from fire
 S - a ring of positive energy (left hand)
Wands
 D - a wand of teleportation (4/9)
 L - a wand of confusion (28/48)
 M - a wand of acid (5/15)
 O - a wand of digging (13/24)
 P - a wand of heal wounds (5/9)
 Q - a wand of disintegration (11/24)
Scrolls
 g - 21 scrolls of identify
 i - 3 scrolls of silence
 j - 12 scrolls of recharging
 k - 11 scrolls of magic mapping
 m - 20 scrolls of teleportation
 o - 32 scrolls of remove curse
 t - 6 scrolls of blinking
 u - 8 scrolls of fog
 w - 2 scrolls of summoning
 W - a scroll of enchant armour
 X - 4 scrolls of holy word
 Z - 8 scrolls of fear
Potions
 d - 7 potions of agility
 e - a potion of resistance
 l - 3 potions of invisibility
 r - 34 potions of curing
 s - 10 potions of might
 v - 2 potions of haste
 x - 5 potions of cancellation
 A - 4 potions of berserk rage
 C - 8 potions of brilliance
 F - 17 potions of heal wounds
 J - 2 potions of magic
 R - 6 potions of ambrosia
Books
 T - a book of Maledictions

   Spells                             Type                      Level
   a - Corona                         Hexes                        1
   b - Ensorcelled Hibernation        Hexes/Ice                    2
   c - Confuse                        Hexes                        3
   d - Tukima's Dance                 Hexes                        3
   e - Dazzling Spray                 Conjuration/Hexes            3
   Trog disapproves of the use of such an item.
Miscellaneous
 h - the horn of Geryon
Comestibles
 c - 31 bread rations
 f - 3 chunks of flesh
 n - 4 beef jerkies
 B - 30 meat rations
 E - 60 fruits
 N - 26 royal jellies


   Skills:
 + Level 24.5 Fighting
 + Level 24.4 Axes
   Level 3.1(18.3) Maces & Flails
 + Level 24.6 Armour
 + Level 19.8 Dodging
 + Level 24.0 Shields


You had 26 spell levels left.
You didn't know any spells.

Dungeon Overview and Level Annotations

Branches:
Dungeon (15/15)            Temple (0/1) D:6            Lair (6/6) D:11
 Shoals (4/4) Lair:3       Spider (4/4) Lair:3        Slime (5/5) Lair:5
    Orc (2/2) D:11            Elf (3/3) Orc:2        Vaults (5/5) D:13
  Crypt (3/3) Vaults:2       Tomb (0/3) Crypt:3      Depths (5/5) D:15
   Hell (1/1)                 Dis (0/7) Hell            Geh (0/7) Hell
    Coc (0/7) Hell            Tar (0/7) Hell            Zot (5/5) Depths:5

Altars:
Ashenzari
Dithmenos
Gozag
Kikubaaqudgha
Makhleb
Nemelex Xobeh
Okawaru
Ru
Trog
Uskayaw
Xom
Yredelemnul
The Shining One
Beogh

Shops:
D:15 *   Orc:2 !%?!   Elf:1 %   Elf:2 }   Elf:3 [   Shoals:1 (   Shoals:3 ?
Vaults:2 *   Vaults:4 !   Depths:4 }

Portals:
Hell: Depths:1 Depths:2 Depths:3 Depths:4 Depths:5
Abyss: Depths:1 Depths:4 Depths:5
Pandemonium: Depths:3 Depths:5
Ziggurat: Depths:2

Annotations:
Elf:2 2 runed doors


Innate Abilities, Weirdness & Mutations

You are resistant to torment.
Your stone body is resilient. (AC +20)
You are immune to poison.
Your large and strong wings let you fly indefinitely.
You resist negative energy. (rN+)
You are resistant to electric shocks. (rElec)
You can survive without breathing.
You are immune to petrification.
You are immune to rotting.
You are partially covered in thin metallic scales. (AC +2)
You often lose your temper in combat.
Scrolls take you a little longer to read.
You are clumsy. (Dex -2)
Armour fits poorly on your strangely shaped body.
Your body often deteriorates upon taking damage.
You are very dopey. (Int -4)
You are very frail. (-20% HP)
Your magical capacity is low. (-10% MP)
You sometimes yell uncontrollably at your foes.
You are sometimes teleported next to monsters.
You are weak. (Str -2)
Your spells are a little harder to cast, but a little more powerful.
Potions and wands are less effective at restoring your health.


Message History

The Orb Guardian is severely wounded.
You hit the orb of fire but do no damage.
You slash the orb of fire! You hit the orb of fire.
You hit the Orb Guardian but do no damage.
The Orb Guardian hits you.
* * * LOW HITPOINT WARNING * * *
You block the Orb Guardian's attack.
You slash the Orb Guardian!
You kill the Orb Guardian!
Trog accepts your kill.
You feel your dexterity returning.
You slice the Orb Guardian!!
You hit the orb of fire but do no damage.
You miss the orb of fire. You miss the Orb Guardian.
You completely miss the orb of fire.
You hear a distant "Zot"!
The Killer Klown blinks!
You block the Orb Guardian's attack. x2
The orb of fire glows bright magenta.
The bolt of fire hits you! You resist.
You die...

▓▓..................
▓▓...................
▓....................
▓....................
▓▓.......^...........
▓▓.......p..........
▓▓.pd..............
▓▓.**X8.............
▓...@(........
▓...X^*.......
▓............
▓▓...........
▓▓...§y.....
▓▓.........
▓▓.....##▓▓▓▓▓#▓▓▓▓
....... ......^^.
......##.


You could see 3 orbs of fire, 2 Killer Klowns, an electric golem, a green
draconian, 2 Orb Guardians and a moth of wrath.

Vanquished Creatures
  the Royal Jelly (Slime:5)
  5 ancient liches (Vaults:5)
  4 orbs of fire
  Bai Suzhen (Spider:3)
  A Killer Klown (Zot:5)
  A caustic shrike (Depths:4)
  Saint Roka (Vaults:3)
  Xtahua (Vaults:3)
  Geryon (Hell)
  Nikola (Spider:1)
  9 golden dragons
  3 electric golems
  Jorgrun (Vaults:1)
  14 tentacled monstrosities
  Rupert (Lair:4)
  An Ice Fiend (IceCv)
  11 Orb Guardians (Zot:5)
  26 acid blobs
  5 titans (Vaults:5)
  2 quicksilver dragons
  3 deep elf blademasters
  3 sphinxes
  9 death cobs
  6 liches
  Frances (D:12)
  4 ancient champions
  Roxanne (D:14)
  9 draconian monks
  14 storm dragons
  3 revenants (Crypt:2)
  Agnes (D:14)
  13 tengu reavers
  14 shadow dragons
  19 azure jellies
  27 vault wardens
  Ilsuiw (Shoals:4)
  10 fire giants
  3 draconian scorchers
  10 frost giants
  5 deep elf sorcerers
  3 iron dragons
  9 emperor scorpions
  2 ghost moths (Spider:4)
  An orc warlord (Vaults:5)
  9 draconian zealots
  8 draconian knights
  A caustic shrike zombie (Depths:3)
  16 ironheart preservers
  4 reapers
  8 draconian shifters
  A spriggan defender (Depths:4)
  44 very ugly things
  A cacodemon (Depths:3)
  7 ghouls
  4 deep elf elementalists (Elf:3)
  2 juggernaut skeletons
  A draconian annihilator (Zot:2)
  2 entropy weavers
  2 war gargoyles
  9 deep elf demonologists
  6 draconian callers
  22 stone giants
  16 vampire knights
  15 mottled draconians
  13 red draconians
  11 green draconians
  2 lorocyprocas (Hell)
  17 white draconians
  10 yellow draconians
  14 purple draconians
  9 black draconians
  Azrael (D:13)
  14 deep elf annihilators
  5 eidola
  A minotaur (Shoals:1)
  An ettin (shapeshifter) (Vaults:5)
  2 merfolk javelineers
  14 ettins
  10 merfolk impalers
  15 deep elf death magi
  A quicksilver dragon zombie (Crypt:3)
  24 jiangshi
  12 fire dragons
  9 death oozes
  21 yaktaur captains
  A kraken zombie (Hell)
  3 blizzard demons (Hell)
  15 great orbs of eyes
  7 deep elf high priests
  2 rakshasas
  36 vault guards
  A quicksilver dragon skeleton (Crypt:2)
  A ghost crab (shapeshifter) (Vaults:2)
  16 hydras
  3 spriggan air magi
  13 centaur warriors
  8 ice dragons
  A catoblepas (D:15)
  7 merfolk aquamancers
  An alligator snapping turtle (Shoals:4)
  4 death knights
  3 merfolk avatars
  36 dancing weapons
  9 tengu warriors
  19 ogre magi
  A queen ant (shapeshifter) (Vaults:1)
  4 death yaks (Lair:4)
  7 deep troll earth magi
  7 hell hogs
  2 titan zombies
  7 deep troll shamans
  16 vampire magi
  2 orc high priests
  A satyr (Shoals:3)
  3 sun demons
  19 deep elf knights
  Sonja (Lair:1)
  A spriggan berserker (Depths:3)
  9 soul eaters
  An iron golem (Hell)
  7 iron trolls
  5 storm dragon zombies
  2 golden dragon zombies (Crypt:3)
  A small abomination (Elf:3)
  2 titan skeletons
  A fire crab (shapeshifter) (Depths:4)
  32 skeletal warriors
  4 shadow wraiths
  49 deep trolls
  6 flayed ghosts
  21 hell knights
  A storm dragon skeleton (Crypt:3)
  7 unseen horrors
  An anaconda zombie (Crypt:3)
  A ghost moth zombie (Crypt:2)
  7 sea snakes
  A swamp dragon (shapeshifter) (Elf:3)
  3 glowing orange brains
  3 lindwurms
  8 hill giants
  19 ironbrand convokers
  3 wizards
  14 deep elf archers
  2 hill giants (shapeshifter)
  A golden dragon skeleton (Crypt:2)
  22 orc knights
  60 ugly things
  2 anaconda skeletons
  A harpy (shapeshifter) (Elf:1)
  11 necromancers
  16 phantasmal warriors
  25 harpies
  A shining eye (shapeshifter) (Elf:2)
  13 shining eyes
  33 wolf spiders
  12 orb spiders
  A wolf spider (shapeshifter) (Vaults:5)
  A shadow dragon skeleton (Crypt:2)
  3 iron dragon zombies
  6 orc sorcerers
  15 cyclopes
  66 deep elf magi
  A sphinx skeleton (Crypt:3)
  2 tengu skeletons
  2 moths of wrath (shapeshifter)
  A cyclops (shapeshifter) (Vaults:4)
  14 manticores
  2 iron dragon skeletons (Crypt:2)
  9 sirens
  15 fauns
  22 moths of wrath
  3 centaur zombies
  A fire giant skeleton (Crypt:2)
  A stone giant skeleton (Crypt:3)
  A dire elephant zombie (Crypt:3)
  2 stone giant zombies (Crypt:3)
  2 salamanders (Depths:5)
  2 black mambas (Lair:6)
  5 rust devils
  8 elephants
  A torpor snail (shapeshifter) (Vaults:5)
  21 vault sentinels
  A frost giant skeleton (Depths:1)
  A molten gargoyle (Hell)
  7 water nymphs
  An elf zombie (Depths:3)
  A shock serpent zombie (Crypt:3)
  3 ice statues
  A titan simulacrum (Crypt:3)
  An orange demon (Depths:3)
  4 gargoyles
  3 eyes of devastation
  8 spiny frogs
  A hellion (Depths:5)
  A storm dragon simulacrum (Crypt:3)
  6 torpor snails (Lair:6)
  A komodo dragon (shapeshifter) (D:15)
  A dire elephant skeleton (Crypt:3)
  2 anaconda simulacra (IceCv)
  2 kobold demonologists
  A rime drake (Lair:6)
  99 yaktaurs
  A yaktaur (shapeshifter) (Depths:2)
  A hellwing (Depths:5)
  3 komodo dragons
  15 freezing wraiths
  A rime drake (shapeshifter) (Vaults:4)
  2 red devils
  11 trolls
  11 demonic crawlers
  8 ice devils
  A purple draconian skeleton (Crypt:3)
  35 jumping spiders
  A golden dragon simulacrum (IceCv)
  2 tengu conjurers (Depths:4)
  A harpy zombie (Crypt:2)
  4 meliai
  2 hydra zombies (Hell)
  A yaktaur skeleton (Depths:1)
  14 hornets
  39 merfolk
  3 tyrant leeches (Lair:6)
  A minotaur zombie (Crypt:3)
  8 wind drakes
  A wind drake (shapeshifter) (Vaults:1)
  29 two-headed ogres
  A hydra skeleton (Crypt:2)
  8 polar bears (Lair:6)
  33 blink frogs
  A guardian serpent zombie (Crypt:1)
  A bog body (Crypt:1)
  A meliai (shapeshifter) (Depths:2)
  Prince Ribbit (D:6)
  10 dream sheep
  Grinder (D:5)
  2 raiju (Lair:6)
  A fire dragon zombie (Crypt:3)
  2 meliai zombies
  92 slime creatures
  A fire giant simulacrum (Hell)
  12 snapping turtles
  Sigmund (D:3)
  A frost giant simulacrum (Hell)
  3 air elementals
  An ice dragon zombie (Crypt:2)
  An ettin zombie (Hell)
  9 hippogriffs
  17 tarantellas
  21 vampires (Crypt:3)
  A spriggan (shapeshifter) (Depths:4)
  2 spriggans (Depths:3)
  3 wraiths
  An alligator skeleton (Crypt:1)
  22 water elementals
  A spriggan skeleton (Depths:1)
  6 shadows
  4 flying skulls (Crypt:2)
  7 wyverns
  4 dire elephant simulacra (IceCv)
  52 redbacks
  A human (shapeshifter) (Vaults:3)
  27 yaks
  17 fire elementals
  5 hungry ghosts
  5 basilisks
  A black mamba skeleton (Crypt:3)
  A fire dragon skeleton (Crypt:1)
  Eustachio (D:5)
  18 golden eyes
  2 chaos spawn (Depths:3)
  A hog (shapeshifter) (Depths:1)
  A death yak simulacrum (IceCv)
  15 wargs
  2 harpy simulacra (IceCv)
  A mottled dragon (D:14)
  A soldier ant (shapeshifter) (Vaults:5)
  A merfolk skeleton (Crypt:2)
  A monstrous demonspawn skeleton (Crypt:1)
  An iron troll simulacrum (IceCv)
  2 spiny frog zombies (Hell)
  14 water moccasins
  A porcupine (shapeshifter) (Vaults:5)
  7 porcupines
  20 hell hounds
  5 hydra simulacra
  Duvessa (D:6)
  15 black bears
  A black bear (shapeshifter) (Depths:4)
  72 orc warriors
  2 ettin simulacra (IceCv)
  An ice beast (shapeshifter) (Vaults:3)
  7 sky beasts
  12 ice beasts
  A lindwurm zombie (Crypt:3)
  A dream sheep zombie (Crypt:2)
  3 necrophages
  A blink frog zombie (Crypt:2)
  75 ogres
  11 eyes of draining
  A phantom (D:6)
  13 wolves
  31 centaurs
  A snapping turtle skeleton (Crypt:3)
  9 crocodiles
  A rime drake zombie (Crypt:2)
  3 big kobolds (D:12)
  A crocodile (shapeshifter) (Vaults:2)
  25 bullfrogs
  4 earth elementals
  A wyvern zombie (D:14)
  A hippogriff skeleton (Crypt:3)
  A komodo dragon zombie (Crypt:1)
  2 spiny frog simulacra (Hell)
  Dowan (D:6)
  A water moccasin zombie (D:13)
  A queen bee zombie (Crypt:1)
  5 scorpions
  An elephant simulacrum (IceCv)
  11 wights
  5 killer bees (D:7)
  A swamp dragon simulacrum (IceCv)
  6 howler monkeys
  A polar bear skeleton (Crypt:1)
  2 electric eels (Spider:3)
  14 crimson imps
  A quasit (D:11)
  4 draconian simulacra (IceCv)
  2 human simulacra
  4 bullfrog zombies
  A two-headed ogre zombie (Crypt:3)
  2 bullfrog skeletons
  22 orc wizards
  Crazy Yiuf (D:3)
  A gnoll shaman (D:8)
  21 orc priests
  21 hounds
  2 iron imps (Hell)
  10 jellies
  7 centaur skeletons
  Jessica (D:3)
  A human skeleton (Crypt:2)
  6 iguanas
  14 worker ants
  A basilisk skeleton (Crypt:2)
  3 spriggan simulacra
  A troll simulacrum (IceCv)
  2 killer bee zombies
  2 wolf simulacra (IceCv)
  A big kobold zombie (Crypt:2)
  A tengu zombie (Crypt:2)
  2 centaur simulacra (IceCv)
  A mottled dragon skeleton (Crypt:2)
  2 howler monkey zombies
  3 worker ant zombies
  3 gnolls (D:2)
  20 adders
  A howler monkey skeleton (D:6)
  A naga simulacrum (IceCv)
  3 ogre simulacra (IceCv)
  3 shadow imps
  6 white imps
  5 ufetubi
  9 oozes
  An adder zombie (D:9)
  10 worms
  A dart slug (D:3)
  12 leopard geckos
  147 orcs
  16 bats
  10 giant cockroaches
  12 goblins
  9 hobgoblins
  16 jackals
  13 kobolds
  3 quokkas
  A ball python (Sewer)
  6 frilled lizards
  3 jackal zombies
  A leopard gecko zombie (D:8)
  A quokka skeleton (D:5)
  6 rats
  5 crawling corpses (Elf:3)
  13 fungi
  23 plants
3177 creatures vanquished.

Vanquished Creatures (collateral kills)
  A caustic shrike (Depths:4)
  A golden dragon (Depths:4)
  2 titans (Depths:4)
  A sphinx (D:14)
  The ghost of Iwannabefree the Impaler, an adept DsSk of Nemelex Xobeh (Shoals:4)
  A frost giant (Shoals:4)
  Louise (Shoals:2)
  Nessos (Lair:5)
  A deep elf death mage (Depths:4)
  Fannar (Lair:2)
  A hydra (Lair:5)
  2 vault guards (Vaults:5)
  An anaconda (shapeshifter) (Vaults:5)
  A centaur warrior (D:14)
  An iron troll (Depths:4)
  A deep troll (Depths:4)
  7 orc knights (Orc:1)
  A cyclops (D:14)
  An ugly thing (D:13)
  A torpor snail (Lair:5)
  A kobold demonologist (D:14)
  A spiny frog (Lair:1)
  A freezing wraith (Vaults:5)
  A rime drake (Lair:5)
  A komodo dragon (Lair:5)
  2 trolls
  A jumping spider (Spider:4)
  A redback (Spider:4)
  A basilisk (D:13)
  11 orc warriors
  A sky beast (D:14)
  2 ogres
  A big kobold (D:14)
  A bullfrog (Lair:5)
  An orc priest (Orc:1)
  An iguana (Lair:1)
  9 orcs
  2 plants (Shoals:4)
67 creatures vanquished.

Vanquished Creatures (others)
  A deep elf master archer (Elf:3)
  2 draconian knights
  A fire giant (Depths:4)
  A deep elf high priest (Elf:3)
  A centaur warrior (D:15)
  A satyr (Shoals:1)
  A deep elf knight (Elf:1)
  An unseen horror (D:14)
  2 ironbrand convokers (Vaults:3)
  2 deep elf archers
  A cyclops (Vaults:1)
  A deep elf mage (Elf:1)
  3 yaktaurs
  An orc warrior (Vaults:1)
  2 ogres (Vaults:3)
  5 centaurs
  An orc (Vaults:1)
  20 fungi
  31 plants
  8 tentacles (Hell)
86 creatures vanquished.

Grand Total: 3330 creatures vanquished

Notes
Turn   | Place    | Note
-------+----------+-------------------------------------------
     0 | D:1      | nikopol the Gargoyle Berserker began the quest for the Orb.
     0 | D:1      | Reached XP level 1. HP: 14/14 MP: 1/1
   163 | D:1      | Reached XP level 2. HP: 17/19 MP: 2/2
   491 | D:1      | Reached XP level 3. HP: 23/24 MP: 3/3
   768 | D:1      | Reached ** piety under Trog
  1112 | D:2      | Reached skill level 1 in Axes
  1114 | D:2      | Reached XP level 4. HP: 29/29 MP: 4/4
  1352 | D:2      | Reached XP level 5. HP: 30/33 MP: 5/5
  1855 | D:3      | Noticed Jessica
  1865 | D:3      | Killed Jessica
  1885 | D:3      | Noticed Sigmund
  1893 | D:3      | Reached *** piety under Trog
  1908 | D:3      | Killed Sigmund
  1908 | D:3      | Reached XP level 6. HP: 22/40 MP: 6/6
  2086 | D:3      | Reached skill level 5 in Fighting
  2440 | D:3      | Reached XP level 7. HP: 44/44 MP: 7/7
  2554 | D:3      | Found a runed door.
  2558 | D:3      | Noticed Crazy Yiuf
  2566 | D:3      | Killed Crazy Yiuf
  3025 | D:5      | Entered Level 5 of the Dungeon
  3122 | D:5      | Reached **** piety under Trog
  3122 | D:5      | Reached skill level 5 in Armour
  3131 | D:5      | Reached XP level 8. HP: 41/51 MP: 8/8
  3197 | D:5      | Found a glowing drain.
  3206 | Sewer    | Entered a sewer
  4009 | D:5      | Noticed Grinder
  4013 | D:5      | Paralysed by Grinder for 5 turns
  4037 | D:5      | Killed Grinder
  4037 | D:5      | Reached skill level 1 in Shields
  4234 | D:5      | Noticed Eustachio
  4264 | D:5      | Killed Eustachio
  4931 | D:6      | Noticed Prince Ribbit
  4946 | D:6      | Killed Prince Ribbit
  4987 | D:6      | Reached XP level 9. HP: 47/56 MP: 9/9
  5257 | D:6      | Found a staircase to the Ecumenical Temple.
  5342 | D:6      | Noticed Dowan
  5343 | D:6      | Noticed Duvessa
  5352 | D:6      | Killed Duvessa
  5352 | D:6      | Reached skill level 5 in Axes
  5358 | D:6      | Killed Dowan
  5358 | D:6      | Reached skill level 5 in Dodging
  5392 | D:6      | Reached ***** piety under Trog
  5718 | D:7      | Received a gift from Trog
  5878 | D:7      | Found a hide-covered altar of Uskayaw.
  5879 | D:7      | Found a burning altar of Makhleb.
  5883 | D:7      | Found a glowing golden altar of the Shining One.
  6027 | D:7      | Found an opulent altar of Gozag.
  6028 | D:7      | Found a bloodstained altar of Trog.
  6028 | D:7      | Found a shimmering altar of Xom.
  6028 | D:7      | Found an ancient bone altar of Kikubaaqudgha.
  6029 | D:7      | Found an iron altar of Okawaru.
  6031 | D:7      | Found a shattered altar of Ashenzari.
  6032 | D:7      | Found a sparkling altar of Nemelex Xobeh.
  6033 | D:7      | Found a sacrificial altar of Ru.
  6087 | D:7      | Noticed a troll
  6104 | D:7      | Killed a troll
  6562 | D:7      | Reached XP level 10. HP: 54/64 MP: 10/10
  6796 | D:8      | Reached skill level 5 in Shields
  7063 | D:8      | Received a gift from Trog
  7094 | D:8      | Got a transparent broad axe {god gift}
  7097 | D:8      | Identified the +6 broad axe "Zenlufru" {chop, *Rage rF+ rC+} (Trog gifted it to you on level 8 of the Dungeon)
  8727 | D:9      | Received a gift from Trog
  8868 | D:9      | Reached XP level 11. HP: 69/69 MP: 11/11
  9510 | D:10     | Entered Level 10 of the Dungeon
 10775 | D:11     | Noticed a hill giant
 10788 | D:11     | Killed a hill giant
 11073 | D:11     | Found a staircase to the Lair.
 11473 | D:11     | Noticed a cyclops
 11485 | D:11     | Killed a cyclops
 11642 | D:11     | Noticed an eight-headed hydra
 11653 | D:11     | Killed a 16-headed hydra
 11783 | D:11     | Found a staircase to the Orcish Mines.
 12177 | Lair:1   | Entered Level 1 of the Lair of Beasts
 12263 | Lair:1   | Noticed a seven-headed hydra
 12279 | Lair:1   | Killed a 17-headed hydra
 12279 | Lair:1   | Reached XP level 12. HP: 17/77 MP: 2/12
 12631 | Lair:1   | Reached ****** piety under Trog
 12649 | Lair:1   | Noticed a seven-headed hydra
 12673 | Lair:1   | Killed an 18-headed hydra
 12673 | Lair:1   | Received a gift from Trog
 12673 | Lair:1   | Reached skill level 10 in Armour
 12702 | Lair:1   | Reached skill level 10 in Fighting
 13263 | Lair:1   | Noticed Sonja
 13267 | Lair:1   | Noticed a six-headed hydra
 13285 | Lair:1   | Killed Sonja
 13292 | Lair:1   | Killed a 19-headed hydra
 13295 | Lair:1   | HP: 3/77 [spiny frog (12)]
 14205 | Lair:2   | Noticed a six-headed hydra
 14223 | Lair:2   | Killed a 15-headed hydra
 14566 | Lair:2   | Got a pair of bloodstained gloves
 14577 | Lair:2   | Identified the cursed +0 pair of gloves of Hedging {rC+ MR+} (You found it on level 2 of the Lair of Beasts)
 14595 | Lair:2   | Noticed Fannar
 14604 | Lair:2   | Reached skill level 10 in Axes
 14629 | Lair:2   | Killed Fannar
 15530 | Lair:3   | Reached XP level 13. HP: 84/84 MP: 13/13
 15768 | Lair:3   | Found a hole to the Spider Nest.
 15893 | Lair:3   | Found a staircase to the Shoals.
 16220 | Lair:4   | Received a gift from Trog
 16610 | Lair:4   | Noticed Rupert
 16637 | Lair:4   | Killed Rupert
 16896 | Lair:4   | You fall through a shaft!
 18332 | Lair:5   | Noticed Nessos
 18355 | Lair:5   | Killed Nessos
 18711 | Lair:5   | Found a runed door.
 18745 | Lair:5   | Reached skill level 10 in Shields
 18745 | Lair:5   | Gained mutation: Your large and strong wings let you fly indefinitely. [Gargoyle growth]
 18745 | Lair:5   | Reached XP level 14. HP: 90/90 MP: 12/14
 18758 | Lair:5   | Found a staircase to the Slime Pits.
 19064 | Lair:6   | Entered Level 6 of the Lair of Beasts
 19292 | Lair:6   | Received a gift from Trog
 20595 | Lair:6   | Found a runed door.
 21067 | Lair:6   | Received a gift from Trog
 21494 | Orc:1    | Entered Level 1 of the Orcish Mines
 21750 | Orc:2    | Entered Level 2 of the Orcish Mines
 22078 | Orc:2    | Found a staircase to the Elven Halls.
 22439 | Orc:2    | Reached XP level 15. HP: 88/97 MP: 5/15
 22551 | Orc:2    | Found Vaoq's Distillery.
 22551 | Orc:2    | Found Goner's Food Emporium.
 22788 | Orc:2    | Found Kaetoepn's Magic Scroll Boutique.
 22788 | Orc:2    | Found Hym Icee's Distillery.
 22845 | Orc:2    | Received a gift from Trog
 23003 | Orc:2    | Found a roughly hewn altar of Beogh.
 23231 | Orc:1    | Found a roughly hewn altar of Beogh.
 23683 | D:12     | Received a gift from Trog
 23942 | D:12     | Noticed Frances
 23970 | D:12     | Killed Frances
 24305 | D:12     | Reached skill level 10 in Dodging
 24767 | D:13     | Noticed Azrael
 24790 | D:13     | Killed Azrael
 24882 | D:13     | Found an iron altar of Okawaru.
 25021 | D:13     | Found a gate to the Vaults.
 25443 | D:13     | Identified a scroll of acquirement
 25444 | D:13     | Got a pair of spiked gloves
 25455 | D:13     | Identified the +0 pair of gloves of Honesty {+Blink rPois rF+ Int-3} (You acquired it on level 13 of the Dungeon)
 25963 | D:14     | Received a gift from Trog
 25964 | D:14     | Reached XP level 16. HP: 104/104 MP: 5/16
 26101 | D:14     | Noticed Agnes
 26120 | D:14     | Killed Agnes
 26177 | D:14     | Noticed Roxanne
 26195 | D:14     | Killed Roxanne
 26318 | D:14     | Noticed a sphinx
 26358 | D:14     | Killed a sphinx
 26749 | D:14     | Received a gift from Trog
 26770 | D:14     | Got a steaming plate armour
 26781 | D:14     | Identified the +6 plate armour of Riseo {Str+3 Int+3} (You found it on level 14 of the Dungeon)
 27416 | D:14     | Found a large runed door.
 27427 | D:14     | Found a large runed door.
 27457 | D:14     | Found an ancient bone altar of Kikubaaqudgha.
 27472 | D:14     | Found a shadowy altar of Dithmenos.
 27638 | D:15     | Entered Level 15 of the Dungeon
 27638 | D:15     | Found Rian's Assorted Antiques.
 27673 | D:15     | Bought a distressingly furry scale mail for 216 gold pieces
 27673 | D:15     | Identified the +10 scale mail of Integrity {+Blink rPois rF- Str-3} (You bought it in a shop on level 15 of the Dungeon)
 27707 | D:15     | Found a staircase to the Depths.
 27887 | D:15     | Got a coiled crystal amulet
 27959 | D:15     | Reached skill level 15 in Axes
 28032 | D:15     | Received a gift from Trog
 28032 | D:15     | Reached XP level 17. HP: 105/110 MP: 5/17
 28703 | Spider:1 | Entered Level 1 of the Spider Nest
 28773 | Spider:1 | Noticed Nikola
 28795 | Spider:1 | Killed Nikola
 30150 | Spider:3 | Received a gift from Trog
 30345 | Spider:3 | Noticed Bai Suzhen
 30369 | Spider:3 | Killed Bai Suzhen
 30766 | Spider:3 | Identified the amulet of Imeafa {*Contam rElec Regen+ Int+2 Dex+6} (You found it on level 15 of the Dungeon)
 30773 | Spider:3 | Got a slimy plate armour
 30785 | Spider:3 | Identified the +2 plate armour of Weirdness {rF+ Str+2} (You acquired it on level 3 of the Spider Nest)
 31630 | Spider:4 | Entered Level 4 of the Spider Nest
 31852 | Spider:4 | Received a gift from Trog
 31877 | Spider:4 | Reached XP level 18. HP: 51/117 MP: 6/18
 32557 | Spider:4 | Reached skill level 15 in Armour
 32879 | Spider:4 | Got a gossamer rune of Zot
 33219 | Shoals:1 | Entered Level 1 of the Shoals
 33233 | Shoals:1 | Found a frozen archway.
 33240 | IceCv    | Entered an ice cave
 33398 | IceCv    | Received a gift from Trog
 33753 | IceCv    | Reached skill level 15 in Fighting
 33902 | IceCv    | Noticed an Ice Fiend
 33937 | IceCv    | Killed an Ice Fiend
 34179 | IceCv    | Identified a +1 pair of boots of running (You found it in an ice cave)
 34289 | Shoals:1 | Found Uzehul's Weapon Boutique.
 34381 | Shoals:1 | Found a hide-covered altar of Uskayaw.
 34586 | Shoals:1 | Received a gift from Trog
 35387 | Shoals:2 | Noticed Louise
 35437 | Shoals:2 | Killed Louise
 35986 | Shoals:2 | Received a gift from Trog
 36169 | Shoals:2 | Reached XP level 19. HP: 119/124 MP: 19/19
 36537 | Shoals:3 | Found Cyon's Magic Scroll Shop.
 37430 | Shoals:4 | Entered Level 4 of the Shoals
 37794 | Shoals:4 | Received a gift from Trog
 37926 | Shoals:4 | Noticed Ilsuiw
 37965 | Shoals:4 | Killed Ilsuiw
 38173 | Shoals:4 | Noticed Iwannabefree's ghost (adept DsSk)
 38203 | Shoals:4 | Killed Iwannabefree's ghost
 38716 | Shoals:4 | Got a barnacled rune of Zot
 38762 | Shoals:4 | Reached skill level 15 in Shields
 38799 | Shoals:4 | Received a gift from Trog
 38956 | Shoals:4 | Found an ancient bone altar of Kikubaaqudgha.
 39439 | Vaults:1 | Entered Level 1 of the Vaults
 39827 | Vaults:1 | Found a sparkling altar of Nemelex Xobeh.
 39916 | Vaults:1 | Reached XP level 20. HP: 114/131 MP: 20/20
 39935 | Vaults:1 | Received a gift from Trog
 40227 | Vaults:1 | Noticed Jorgrun
 40243 | Vaults:1 | Killed Jorgrun
 41427 | Vaults:2 | Found a staircase to the Crypt.
 41706 | Vaults:2 | Found Dabuestre's Assorted Antiques.
 41771 | Vaults:2 | Got a pair of translucent gloves
 41782 | Vaults:2 | Identified the +0 pair of gloves of Death's Door {rN+} (You acquired it on level 2 of the Vaults)
 41903 | Vaults:2 | Received a gift from Trog
 42845 | Vaults:2 | Received a gift from Trog
 43198 | Vaults:2 | Found a portal to a secret trove of treasure.
 43481 | Vaults:3 | Reached XP level 21. HP: 137/137 MP: 21/21
 43654 | Vaults:3 | Received a gift from Trog
 43702 | Vaults:3 | Got a crystal flail {god gift}
 43928 | Vaults:3 | Identified the +10 flail of the Little People {crush, *Rage +Inv rPois Int+5} (Trog gifted it to you on level 3 of the Vaults)
 43988 | Vaults:3 | Got a coiled amber ring
 44695 | Vaults:3 | Received a gift from Trog
 45396 | Vaults:3 | Noticed Xtahua
 45420 | Vaults:3 | Killed Xtahua
 45595 | Vaults:3 | Noticed Saint Roka
 45610 | Vaults:3 | Killed Saint Roka
 45928 | Vaults:3 | Received a gift from Trog
 46242 | Vaults:4 | Identified the ring "Poridoik" {*Drain MP+9 Str+7 Stlth-} (You found it on level 3 of the Vaults)
 46517 | Vaults:4 | Found Hocobi Ciwne's Distillery.
 46598 | Vaults:4 | Reached XP level 22. HP: 140/145 MP: 22/22
 46778 | Vaults:4 | Received a gift from Trog
 46816 | Vaults:4 | Got a steaming broad axe {god gift}
 46900 | Vaults:4 | Identified the +6 broad axe of Cima {freeze, +Fly rC- rN+ Stlth+} (Trog gifted it to you on level 4 of the Vaults)
 47753 | Elf:1    | Entered Level 1 of the Elven Halls
 47798 | Elf:1    | Found Wiveg's Food Shop.
 48009 | Elf:1    | Received a gift from Trog
 48803 | Elf:2    | Found Dituqury's Gadget Emporium.
 49102 | Elf:2    | Found a large runed door.
 49102 | Elf:2    | Found a large runed door.
 49135 | Elf:2    | Found a large runed door.
 49135 | Elf:2    | Found a large runed door.
 49312 | Elf:2    | Received a gift from Trog
 50151 | Elf:3    | Entered Level 3 of the Elven Halls
 50202 | Elf:3    | Found Keredem's Armour Shop.
 50540 | Elf:2    | Received a gift from Trog
 50604 | Elf:3    | Reached XP level 23. HP: 144/152 MP: 7/23
 50645 | Elf:3    | Gained mutation: You possess an exceptional clarity of mind. [potion of beneficial mutation]
 51244 | Elf:3    | Got a coiled bone ring
 51246 | Elf:3    | Identified the ring of Kophint {*Corrode +Fly rN+ Str+3} (You took it off a deep elf elementalist on level 3 of the Elven Halls)
 51263 | Elf:3    | Got an uncursed scorched glaive {venom}
 51264 | Elf:3    | Identified the +5 glaive of Uluxtos {venom, rElec rF- MR+ Int+4} (You took it off a deep elf high priest on level 3 of the Elven Halls)
 51428 | Elf:3    | Received a gift from Trog
 51467 | Elf:3    | Got a sparkling granite ring
 51469 | Elf:3    | Identified the ring of the Fool {MR- Int+6 Stlth-} (You found it on level 3 of the Elven Halls)
 51491 | Elf:3    | Got a pair of brightly glowing gloves
 51502 | Elf:3    | Identified the +4 pair of gloves of Buoxedd {rF+ rC+} (You found it on level 3 of the Elven Halls)
 51848 | Depths:1 | Entered Level 1 of the Depths
 51930 | Depths:1 | Got a crude shield
 51931 | Depths:1 | Identified the +10 shield of the Beginning {rElec Str+2 Int+8} (You found it on level 1 of the Depths)
 52066 | Depths:1 | Reached skill level 15 in Dodging
 52225 | Depths:1 | Found a gateway to Hell.
 52243 | Depths:1 | Received a gift from Trog
 52354 | Depths:1 | Found a one-way gate to the infinite horrors of the Abyss.
 54166 | Depths:2 | Reached XP level 24. HP: 160/160 MP: 23/23
 54171 | Depths:2 | Received a gift from Trog
 54279 | Depths:2 | Found a gateway to a ziggurat.
 54925 | Shoals:3 | Bought a scroll of enchant armour for 120 gold pieces
 55671 | Depths:3 | Gained mutation: Your spells are a little harder to cast, but a little more powerful. [potion of beneficial mutation]
 56186 | Depths:3 | Found a one-way gate leading to the halls of Pandemonium.
 56300 | Depths:3 | Received a gift from Trog
 56395 | Depths:3 | Got a smoking bronze ring
 56397 | Depths:3 | Identified the ring "Isughaag" {Wiz -Tele +Fly rN+ Int+3} (You found it on level 3 of the Depths)
 56789 | Depths:4 | Got a scorched large shield
 56808 | Depths:4 | Identified the -1 large shield of the Nexus {Int+4} (You acquired it on level 4 of the Depths)
 57182 | Depths:4 | Received a gift from Trog
 57195 | Depths:4 | Noticed a caustic shrike
 57218 | Depths:4 | Killed a caustic shrike
 57222 | Depths:4 | Killed a ghostly caustic shrike
 57584 | Depths:4 | Reached XP level 25. HP: 155/168 MP: 23/23
 57704 | Depths:4 | Found Iryawk's Quality Used Wands.
 57916 | Depths:4 | Received a gift from Trog
 58448 | Depths:5 | Entered Level 5 of the Depths
 58839 | Depths:5 | Received a gift from Trog
 59064 | Depths:5 | Received a gift from Trog
 59194 | Depths:5 | Found a gate to the Realm of Zot.
 60320 | Vaults:5 | Entered Level 5 of the Vaults
 60322 | Vaults:5 | Noticed an ancient lich
 60352 | Vaults:5 | Killed an ancient lich
 60352 | Vaults:5 | Reached XP level 26. HP: 160/176 MP: 23/23
 60383 | Vaults:5 | Noticed an ancient lich
 60409 | Vaults:5 | Killed an ancient lich
 60445 | Vaults:5 | Received a gift from Trog
 60722 | Vaults:5 | Noticed an ancient lich
 60727 | Vaults:5 | Noticed an ancient lich
 60736 | Vaults:5 | Killed an ancient lich
 60766 | Vaults:5 | Killed an ancient lich
 61048 | Vaults:5 | Received a gift from Trog
 61070 | Vaults:5 | Got a pitted copper ring
 61526 | Vaults:5 | Identified the ring of the Evening {Fire *Drain rN+ Str+5 Int-2 SInv} (You took it off an orc warlord on level 5 of the Vaults)
 61683 | Vaults:5 | Reached XP level 27. HP: 183/183 MP: 23/23
 61686 | Vaults:5 | Noticed an ancient lich
 61688 | Vaults:5 | Received a gift from Trog
 61698 | Vaults:5 | Killed an ancient lich
 62015 | Vaults:5 | Got a jewelled chain mail
 62028 | Vaults:5 | Identified the +6 chain mail of Divine Compulsion {rPois rN+ MR- Str+8} (You found it on level 5 of the Vaults)
 62532 | Vaults:5 | Got a silver rune of Zot
 62983 | Slime:1  | Entered Level 1 of the Pits of Slime
 63140 | Slime:1  | Gained mutation: Potions and wands are less effective at restoring your health. [a shining eye]
 63360 | Slime:1  | Gained mutation: You are dopey. (Int -2) [a shining eye]
 63664 | Slime:2  | Gained mutation: You are occasionally teleported next to monsters. [a shining eye]
 63667 | Slime:2  | Gained mutation: You are clumsy. (Dex -2) [a shining eye]
 63670 | Slime:2  | Gained mutation: Scrolls take you a little longer to read. [a shining eye]
 63676 | Slime:2  | Gained mutation: Your magical capacity is low. (-10% MP) [a shining eye]
 63689 | Slime:2  | Gained mutation: Armour fits poorly on your strangely shaped body. [a shining eye]
 64015 | Slime:3  | Gained mutation: You are frail. (-10% HP) [a shining eye]
 64017 | Slime:3  | Gained mutation: Your magical capacity is very low. (-20% MP) [a shining eye]
 64018 | Slime:3  | Gained mutation: You are very frail. (-20% HP) [a shining eye]
 64021 | Slime:3  | Gained mutation: You are sometimes teleported next to monsters. [a shining eye]
 64022 | Slime:3  | Gained mutation: You occasionally shout uncontrollably at your foes. [a shining eye]
 64025 | Slime:3  | Gained mutation: You are weak. (Str -2) [a shining eye]
 64031 | Slime:3  | Gained mutation: Your body sometimes deteriorates upon taking damage. [a shining eye]
 64034 | Slime:3  | Received a gift from Trog
 64383 | Slime:4  | Gained mutation: You are very weak. (Str -4) [a shining eye]
 64780 | Slime:5  | Entered Level 5 of the Pits of Slime
 65010 | Slime:4  | Gained mutation: You are very dopey. (Int -4) [a shining eye]
 65230 | Slime:5  | Received a gift from Trog
 65390 | Slime:5  | Noticed the Royal Jelly
 65633 | Slime:5  | Killed the Royal Jelly
 65794 | Slime:5  | Got a slimy rune of Zot
 65808 | Slime:5  | Got a distressingly furry shield
 65811 | Slime:5  | Identified the cursed -8 shield of the Cooper {rF+++ rC+} (You found it on level 5 of the Pits of Slime)
 65854 | Slime:5  | Got a warped lead ring
 65857 | Slime:5  | Identified the ring "Beclof" {+Blink rElec AC+4 Dex+3} (You found it on level 5 of the Pits of Slime)
 66469 | Crypt:1  | Entered Level 1 of the Crypt
 67308 | Crypt:2  | Received a gift from Trog
 67833 | Crypt:2  | Received a gift from Trog
 68201 | Crypt:3  | Entered Level 3 of the Crypt
 68410 | Crypt:3  | Received a gift from Trog
 68422 | Crypt:3  | Got a bone broad axe {god gift}
 68743 | Crypt:3  | Got a warped flail
 68747 | Crypt:3  | Identified the +2 broad axe "Itae" {chop, +Blink +Rage rC-} (Trog gifted it to you on level 3 of the Crypt)
 68749 | Crypt:3  | Identified the +7 flail "Pujoir" {crush, MR+} (You found it on level 3 of the Crypt)
 68756 | Crypt:3  | Got a brightly glowing scale mail
 68767 | Crypt:3  | Identified the +1 scale mail of Eternity {Dex+5 SInv} (You found it on level 3 of the Crypt)
 68949 | Crypt:3  | Received a gift from Trog
 69200 | Crypt:3  | Found a staircase to the Tomb.
 69229 | Crypt:3  | Found a basalt altar of Yredelemnul.
 69993 | Hell     | Entered the Vestibule of Hell
 69994 | Hell     | Noticed Geryon
 70069 | Hell     | Killed Geryon
 70237 | Hell     | Received a gift from Trog
 70278 | Hell     | Found a gateway to the Iron City of Dis.
 70493 | Hell     | Found a gateway to the ashen valley of Gehenna.
 70674 | Hell     | Found a gateway to the decaying netherworld of Tartarus.
 70760 | Hell     | Found a gateway to the freezing wastes of Cocytus.
 71170 | Vaults:2 | You paid a toll of 2 scrolls of acquirement to enter a treasure trove
 71171 | Trove    | Entered a treasure trove
 71286 | Trove    | Gained mutation: You are partially covered in thin metallic scales. (AC +2) [potion of beneficial mutation]
 71788 | Zot:1    | Entered Level 1 of the Realm of Zot
 72022 | Zot:1    | Received a gift from Trog
 72122 | Zot:1    | Lost mutation: You are very frail. (-20% HP) [potion of cure mutation]
 72122 | Zot:1    | Lost mutation: You possess an exceptional clarity of mind. [potion of cure mutation]
 72122 | Zot:1    | Lost mutation: You are very dopey. (Int -4) [potion of cure mutation]
 72122 | Zot:1    | Lost mutation: Your magical capacity is very low. (-20% MP) [potion of cure mutation]
 73332 | Zot:1    | Received a gift from Trog
 74799 | Zot:3    | Noticed an orb of fire
 74817 | Zot:3    | Killed an orb of fire
 75618 | Zot:4    | Received a gift from Trog
 76546 | Zot:5    | Entered Level 5 of the Realm of Zot
 76648 | Zot:5    | Got a crude flail
 76651 | Zot:5    | Identified the +9 flail of Radeph {freeze, MR+ Dex+4} (You found it on level 5 of the Realm of Zot)
 77030 | Zot:5    | Noticed an orb of fire
 77033 | Zot:5    | Gained mutation: You sometimes yell uncontrollably at your foes. [an orb of fire]
 77037 | Zot:5    | Gained mutation: Your body often deteriorates upon taking damage. [an orb of fire]
 77041 | Zot:5    | Lost mutation: You sometimes yell uncontrollably at your foes. [an orb of fire]
 77056 | Zot:5    | Lost mutation: You are very weak. (Str -4) [an orb of fire]
 77058 | Zot:5    | Killed an orb of fire
 77077 | Zot:5    | Noticed an orb of fire
 77084 | Zot:5    | Gained mutation: You tend to lose your temper in combat. [an orb of fire]
 77095 | Zot:5    | Killed an orb of fire
 77247 | Zot:5    | Noticed an orb of fire
 77247 | Zot:5    | Noticed an orb of fire
 77247 | Zot:5    | Noticed an orb of fire
 77247 | Zot:5    | Noticed an orb of fire
 77252 | Zot:5    | Gained mutation: You are very dopey. (Int -4) [an orb of fire]
 77253 | Zot:5    | Gained mutation: You often lose your temper in combat. [an orb of fire]
 77254 | Zot:5    | Gained mutation: You are very frail. (-20% HP) [an orb of fire]
 77270 | Zot:5    | Killed an orb of fire
 77273 | Zot:5    | Gained mutation: You sometimes yell uncontrollably at your foes. [an orb of fire]
 77275 | Zot:5    | Killed from afar by an orb of fire

Skill      XL: |  1  2  3  4  5  6  7  8  9 10 11 12 13 14 15 16 17 18 19 20 21 22 23 24 25 26 27 |
---------------+----------------------------------------------------------------------------------+-----
Dodging        | 2 3 4 5 6 7 8 9 10 11 12 13 14 15 16 17 19 | 19.8
Axes           | 1 2 3 4 5 7 8 10 11 12 14 15 16 17 18 19 20 21 24 | 24.4
Armour         | 3 4 5 6 7 8 9 10 11 12 13 14 15 16 17 18 19 20 21 24 | 24.6
Fighting       | 4 5 6 7 8 9 10 11 12 13 14 15 16 17 18 19 20 21 24 | 24.5
Shields        | 2 4 6 7 8 10 12 13 14 15 16 17 18 19 20 24 | 24.0
Maces & Flails | |  3.1

Action                   |  1- 3 |  4- 6 |  7- 9 | 10-12 | 13-15 | 16-18 | 19-21 | 22-24 | 25-27 || total
-------------------------+-------+-------+-------+-------+-------+-------+-------+-------+-------++-------
Melee: Mace              |    20 |       |       |       |       |       |       |       |       ||    20
       Hand axe          |    62 |   182 |   491 |   972 |   431 |       |       |       |       ||  2138
       Broad axe         |       |       |       |    34 |  1001 |  1511 |  1543 |  1691 |  3752 ||  9532
Invok: Berserk           |       |       |     3 |    11 |    16 |     9 |     2 |     3 |     1 ||    45
       Burn Spellbooks   |       |       |     1 |     1 |     3 |     4 |     4 |    10 |    14 ||    37
       Brothers in Arms  |       |       |       |     2 |     6 |     3 |     1 |     4 |     3 ||    19
       Trog's Hand       |       |       |       |       |       |     1 |       |     3 |       ||     4
 Abil: Fly               |       |       |       |       |     1 |     2 |       |       |       ||     3
       Stop Flying       |       |       |       |       |     1 |     1 |       |       |       ||     2
Evoke: Wand              |       |       |       |       |       |       |       |       |     1 ||     1
  Use: Scroll            |       |       |     9 |     3 |    21 |    20 |     9 |    23 |    17 ||   102
       Potion            |       |       |       |     1 |       |       |       |     3 |     4 ||     8
 Stab: Sleeping          |       |       |       |     1 |       |       |       |       |       ||     1
       Distracted        |       |       |       |       |       |     1 |       |     2 |       ||     3
  Eat: Chunk             |     1 |     4 |    17 |    41 |    53 |    57 |    34 |    31 |    45 ||   283
       Pizza             |       |       |       |     1 |       |       |       |     1 |     5 ||     7
       Beef jerky        |       |       |       |     2 |     1 |       |       |       |     8 ||    11
       Fruit             |       |       |       |       |       |       |       |       |     1 ||     1
Armor: Animal skin       |    17 |       |       |       |       |       |       |       |       ||    17
       Chain mail        |    39 |   137 |   278 |    93 |       |       |       |       |       ||   547
       Scale mail        |       |       |       |    59 |   532 |       |       |       |       ||   591
       Skin              |       |       |       |   210 |       |       |       |       |       ||   210
       Plate armour      |       |       |       |       |   190 |   817 |       |       |       ||  1007
       Gold dragon scale |       |       |       |       |       |   202 |   640 |   586 |  1229 ||  2657
Dodge: Dodged            |    45 |    74 |   272 |   741 |  1403 |  1178 |   655 |   623 |   964 ||  5955
Block: Buckler           |       |       |    69 |   244 |   507 |   692 |   678 |   522 |       ||  2712
       Reflection        |       |       |     2 |     1 |    12 |    33 |    90 |    72 |       ||   210
       Shield            |       |       |       |       |       |       |       |   405 |  3601 ||  4006
